 Dungeon Crawl Stone Soup version 0.21.1-1-g345015f (webtiles) character file.

2856 tidbits the Magician (level 9, -1/79 HPs)
             Began as a Gnoll Ice Elementalist on Mar 29, 2018.
             Killed from afar by a gargoyle (11 damage)
             ... with a stone arrow
             ... on level 7 of the Dungeon.
             The game lasted 00:33:33 (2802 turns).

tidbits the Magician (Gnoll Ice Elementalist)       Turns: 2802, Time: 00:33:34

Health: -1/79      AC: 14    Str: 11    XL:     9   Next: 75%
Magic:  12/19      EV: 14    Int: 23    God:
Gold:   97         SH:  0    Dex: 16    Spells: 5/21 levels left

rFire    x . .     SeeInvis .     - Unarmed
rCold    + + +     Gourm    .   (shield currently unavailable)
rNeg     + . .     Faith    .   (armour currently unavailable)
rPois    +         Spirit   .   (helmet currently unavailable)
rElec    .         Reflect  .   (cloak currently unavailable)
rCorr    .         Harm     .   (gloves currently unavailable)
MR       .....                  (boots currently unavailable)
Stlth    +++.......             (no amulet)
HPRegen  0.23/turn              M - ring of Aduec {rN+ Int+3}
MPRegen  0.16/turn              W - ring of wizardry

@: icy armour, ice-form, slow
A: large, distributed training, strong nose
a: End Transformation


You were on level 7 of the Dungeon.
You were not hungry.
You were a creature of crystalline ice.
You visited 1 branch of the dungeon, and saw 7 of its levels.

You collected 344 gold pieces.
You spent 247 gold pieces at shops.

Inventory:

Hand Weapons
 a - a +1 dagger (melded)
 b - a +0 short sword
 t - a +0 scythe
 u - a +0 dagger of protection
   (You took it off an orc wizard on level 5 of the Dungeon)
 w - a +0 rapier of freezing
   (You took it off Duvessa on level 5 of the Dungeon)
 C - a +0 whip of electrocution
   (You took it off Pikel on level 6 of the Dungeon)
 F - a cursed +4 morningstar
 J - a +2 scimitar
Missiles
 e - 108 stones (quivered)
 m - 86 arrows
 x - 2 throwing nets {!f}
 y - 4 curare-tipped needles
Armour
 f - a +0 robe
 B - a +1 animal skin (melded)
 E - the +1 helmet of Hecor (melded) {+Fly rPois MR- SInv}
   (You took it off Robin on level 3 of the Dungeon)

   It protects you from poison.
   It affects your resistance to hostile enchantments.
   It lets you see invisible.
   It lets you fly.
 G - a cursed +1 pair of gloves (melded)
 K - the -3 cloak of the Sacrificial Victim {rCorr Int+2}
   (You bought it in a shop on level 5 of the Dungeon)

   It affects your intelligence (+2).
   It protects you from acid and corrosion.
Jewellery
 n - an uncursed ring of fire
   (You found it on level 2 of the Dungeon)
 A - an uncursed ring of protection from fire
   (You found it on level 6 of the Dungeon)
 I - an uncursed ring of see invisible
   (You found it on level 2 of the Dungeon)
 M - the ring of Aduec (left front paw) {rN+ Int+3}
   (You found it on level 7 of the Dungeon)

   [ring of positive energy]

   It affects your intelligence (+3).
   It protects you from negative energy.
 R - an uncursed ring of poison resistance
   (You found it on level 7 of the Dungeon)
 W - a ring of wizardry (right front paw)
   (You found it on level 2 of the Dungeon)
Wands
 o - a wand of iceblast (3)
 p - a wand of paralysis (7)
 v - a wand of random effects (43)
 H - a wand of polymorph (12)
Scrolls
 d - 3 scrolls of enchant weapon
 l - 2 scrolls of blinking
 r - 7 scrolls of remove curse
 N - a scroll of fear {unknown}
 O - a scroll of magic mapping {unknown}
 P - a scroll of vulnerability {unknown}
 Q - a scroll of summoning
Potions
 h - 3 potions of heal wounds
 i - 2 potions of flight
 j - a potion of might
 k - 3 potions of curing
 s - a potion of lignification
 z - a potion of magic
Books
 g - a book of Frost

   Spells                             Type                      Level
   a - Freeze                         Ice                          1
   b - Throw Frost                    Conjuration/Ice              2
   c - Ozocubu's Armour               Charms/Ice                   3
   d - Throw Icicle                   Conjuration/Ice              4
   e - Summon Ice Beast               Ice/Summoning                4
 q - a book of Changes
   (You found it on level 4 of the Dungeon)

   Spells                             Type                      Level
   a - Beastly Appendage              Transmutation                1
   b - Sticks to Snakes               Transmutation                2
   c - Spider Form                    Transmutation/Poison         3
   d - Ice Form                       Ice/Transmutation            4
   e - Blade Hands                    Transmutation                5
 D - a book of Cantrips
   (You found it on level 5 of the Dungeon)

   Spells                             Type                      Level
   a - Confusing Touch                Hexes                        1
   b - Animate Skeleton               Necromancy                   1
   c - Summon Small Mammal            Summoning                    1
   d - Apportation                    Translocation                1
 L - a book of Maledictions
   (You found it on level 7 of the Dungeon)

   Spells                             Type                      Level
   a - Corona                         Hexes                        1
   b - Ensorcelled Hibernation        Hexes/Ice                    2
   c - Confuse                        Hexes                        3
   d - Tukima's Dance                 Hexes                        3
   e - Dazzling Spray                 Conjuration/Hexes            3
Comestibles
 c - 10 rations


   Skills:
 + Level 4.4 Fighting
 + Level 4.4 Short Blades
 + Level 4.4 Long Blades
 + Level 4.4 Axes
 + Level 4.4 Maces & Flails
 + Level 4.4 Polearms
 + Level 4.4 Staves
 + Level 4.4 Slings
 + Level 4.4 Bows
 + Level 4.4 Crossbows
 + Level 4.4 Throwing
 + Level 4.4 Armour
 + Level 6.5 Dodging
 + Level 6.2 Stealth
 + Level 4.4 Shields
 + Level 4.4 Unarmed Combat
 + Level 6.8 Spellcasting
 + Level 4.3 Conjurations
 + Level 3.7 Hexes
 + Level 3.7 Charms
 + Level 3.7 Summonings
 + Level 3.7 Necromancy
 + Level 3.7 Translocations
 + Level 3.7 Transmutations
 + Level 3.7 Fire Magic
 + Level 6.6 Ice Magic
 + Level 3.7 Air Magic
 + Level 3.7 Earth Magic
 + Level 3.7 Poison Magic
 + Level 4.9 Invocations
 + Level 4.4 Evocations


You had 5 spell levels left.
You knew the following spells:

 Your Spells              Type           Power        Failure   Level  Hunger
a - Freeze                Ice            ####         1%          1    None
e - Beastly Appendage     Tmut           ###...       1%          1    None
i - Ice Form              Ice/Tmut       ####....     3%          4    ###....
j - Throw Frost           Conj/Ice       ####..       1%          2    None
o - Ozocubu's Armour      Chrm/Ice       ####....     1%          3    None
x - Summon Ice Beast      Ice/Summ       ####....     3%          4    ###....
A - Apportation           Tloc           ###...       1%          1    None


Dungeon Overview and Level Annotations

Branches:
Dungeon (7/15)
 Temple: D:4-7

Altars:
Makhleb
Okawaru
Qazlal
Vehumet
Xom
Yredelemnul

Shops:
D:5 [


Innate Abilities, Weirdness & Mutations

Your experience applies equally to all skills.
((You have very sharp teeth.))
Your uncanny sense of smell can sniff out nearby items.


Message History

Found a ration.
The gargoyle closely misses you.
There is an open door here.
Unknown command.
Casting: Apportation
Confirm with . or Enter, or press ? or * to list all spells.
You turn into a creature of crystalline ice.
Your +1 dagger melds into your body.
The +1 helmet of Hecor {+Fly rPois MR- SInv} melds into your body.
Your cursed +1 pair of gloves melds into your body.
Your +1 animal skin melds into your body.
The gargoyle hits you with a morningstar!!
Unknown command.
You hit the gargoyle but do no damage.
The gargoyle hits you but does no damage.
You hit the gargoyle but do no damage.
Casting: Ice Form
Confirm with . or Enter, or press ? or * to list all spells.
Your icy body feels more resilient.
The gargoyle closely misses you.
You hit the gargoyle but do no damage.
The gargoyle hits you with a morningstar!
You barely miss the gargoyle. The gargoyle closely misses you.
You hit the gargoyle but do no damage. The gargoyle barely misses you.
You hit the gargoyle but do no damage. You hit the gargoyle but do no damage.
The gargoyle completely misses you.
You hit the gargoyle but do no damage.
The gargoyle hits you with a morningstar!
* * * LOW HITPOINT WARNING * * *
You punch the gargoyle! You freeze the gargoyle.
The gargoyle is moderately damaged.
The gargoyle hurls a stone arrow at you.
The stone arrow misses you.
Unknown command.
You warm up again.
Your +1 dagger unmelds from your body.
The +1 helmet of Hecor {+Fly rPois MR- SInv} unmelds from your body.
Your cursed +1 pair of gloves unmelds from your body.
Your +1 animal skin unmelds from your body.
The gargoyle barely misses you.
Evoke which item? (* to show all) (? for menu, Esc to quit)
Aiming: Paralyse
Press: ? - help, Shift-Dir - straight line, f - gargoyle
Aim: a gargoyle, wielding a morningstar (moderately damaged, chance to defeat MR: 41%)
The gargoyle resists with some effort.
Evoke which item? (* to show all) (? for menu, Esc to quit)
Aiming: Paralyse
Press: ? - help, Shift-Dir - straight line, f/p - gargoyle
Aim: a gargoyle, wielding a morningstar (moderately damaged, chance to defeat MR: 41%)
The gargoyle suddenly stops moving!
The helpless gargoyle fails to defend itself.
You impale the gargoyle!!
You destroy the gargoyle!
Things that are here:
a morningstar; a ration
There is an open door here.
Things that are here:
a morningstar; a ration
Okay, then.
Unknown command.
Unknown command.
Unknown command.
You eat the ration.
That ration really hit the spot!
There is an open door here.
You open the door.
A gargoyle comes into view. It is wielding a morningstar.
Found a pair of gloves.
There is an open door here.
The helpless gargoyle fails to defend itself.
You impale the gargoyle!!
The gargoyle is almost destroyed.
The gargoyle closely misses you.
Casting: Ozocubu's Armour
Confirm with . or Enter, or press ? or * to list all spells.
You turn into a creature of crystalline ice.
Your +1 dagger melds into your body.
The +1 helmet of Hecor {+Fly rPois MR- SInv} melds into your body.
Your cursed +1 pair of gloves melds into your body.
Your +1 animal skin melds into your body.
Unknown command.
You hit the gargoyle but do no damage.
The gargoyle is almost destroyed.
The gargoyle misses you.
You hit the gargoyle but do no damage.
The gargoyle is almost destroyed.
The gargoyle completely misses you.
You hit the gargoyle but do no damage.
The gargoyle is severely damaged.
The gargoyle hits you with a morningstar!!
* * * LOW HITPOINT WARNING * * *
You hit the gargoyle. You freeze the gargoyle.
The gargoyle is almost destroyed.
You hit the gargoyle but do no damage.
The gargoyle is almost destroyed.
The gargoyle hurls a stone arrow at you.
The stone arrow misses you.
You hit the gargoyle but do no damage.
The gargoyle is almost destroyed.
The gargoyle hurls a stone arrow at you.
The stone arrow hits you!
You die...

#............# #.# ≈P
#...#...#....###.####.. PP
###.#...####........... ..
#.#...##...##...##.. ..
#......#.###8...8# ..
#........#)##...## ..
..#.......###'.....+# ..
#.#.......#9#.......# ..
#.#.......##Y.......+ ..
#.#.......##....8....# ..
# #.#.......##+.......+#
..
##.##.........#∆#.......#∆
.. #........####.#
#+.....+# ####. #####....#
#..#∆##+.+## #....
##..#....# #.# ## #....
#.....≈PP# .. #....
###.##♣♣≈.# #.. #....


You could see a gargoyle.

Vanquished Creatures
  Pikel (D:6)
  A gargoyle (D:7)
  Sigmund (D:6)
  The ghost of Melicamp the Ruffian, an amateur BaMo (D:4)
  Menkaure (D:6)
  Duvessa (D:5)
  A slave (D:6)
  A sky beast (D:7)
  An orc warrior (D:7)
  An ogre (D:5)
  A phantom (D:6)
  A centaur (D:7)
  Blork the orc (D:5)
  Dowan (D:5)
  4 wights (D:6)
  6 howler monkeys (D:7)
  A crimson imp (D:5)
  4 orc priests
  A hound (D:7)
  A bullfrog skeleton (D:5)
  A jelly (D:6)
  4 orc wizards
  2 worker ants
  A hound skeleton (D:3)
  Robin (D:3)
  5 gnolls
  3 adders
  An adder zombie (D:6)
  3 worms
  A dart slug (D:5)
  2 leopard geckos
  16 orcs
  A ball python (D:2)
  A giant cockroach (D:5)
  16 goblins
  5 hobgoblins
  4 jackals
  4 quokkas
  4 bats
  4 frilled lizards
  A jackal skeleton (D:7)
  2 kobolds
  A quokka zombie (D:5)
  5 rats
119 creatures vanquished.

Vanquished Creatures (collateral kills)
  A phantom (D:7)
  A wight (D:6)
2 creatures vanquished.

Vanquished Creatures (others)
  A necrophage (D:6)
  A rat (D:3)
2 creatures vanquished.

Grand Total: 123 creatures vanquished

Notes
Turn   | Place    | Note
-------+----------+-------------------------------------------
     0 | D:1      | tidbits the Gnoll Ice Elementalist began the quest for the Orb.
     0 | D:1      | Reached XP level 1. HP: 13/13 MP: 6/6
    89 | D:2      | Reached skill level 2 in Conjurations
   125 | D:1      | Reached XP level 2. HP: 19/19 MP: 3/7
   287 | D:2      | Learned a level 2 spell: Throw Frost
   511 | D:3      | Found a stormy altar of Qazlal.
   548 | D:3      | Reached XP level 3. HP: 20/25 MP: 5/9
   571 | D:3      | Reached skill level 5 in Spellcasting
   585 | D:3      | Found a radiant altar of Vehumet.
   707 | D:3      | Reached skill level 1 in Invocations
   712 | D:3      | Learned a level 3 spell: Ozocubu's Armour
   751 | D:3      | Noticed Robin
   805 | D:3      | Reached skill level 1 in Fighting
   805 | D:3      | Reached skill level 1 in Short Blades
   805 | D:3      | Reached skill level 1 in Long Blades
   805 | D:3      | Reached skill level 1 in Axes
   805 | D:3      | Reached skill level 1 in Maces & Flails
   805 | D:3      | Reached skill level 1 in Polearms
   805 | D:3      | Reached skill level 1 in Staves
   805 | D:3      | Reached skill level 1 in Slings
   805 | D:3      | Reached skill level 1 in Bows
   805 | D:3      | Reached skill level 1 in Crossbows
   805 | D:3      | Reached skill level 1 in Throwing
   805 | D:3      | Reached skill level 1 in Armour
   805 | D:3      | Reached skill level 1 in Shields
   805 | D:3      | Reached skill level 1 in Unarmed Combat
   805 | D:3      | Reached skill level 1 in Evocations
   815 | D:3      | Killed Robin
   815 | D:3      | Reached XP level 4. HP: 8/32 MP: 7/11
   824 | D:3      | Got a shimmering helmet
   846 | D:3      | Identified the +1 helmet of Hecor {+Fly rPois MR- SInv} (You took it off Robin on level 3 of the Dungeon)
   935 | D:3      | Reached skill level 1 in Hexes
   935 | D:3      | Reached skill level 1 in Charms
   935 | D:3      | Reached skill level 1 in Summonings
   935 | D:3      | Reached skill level 1 in Necromancy
   935 | D:3      | Reached skill level 1 in Translocations
   935 | D:3      | Reached skill level 1 in Transmutations
   935 | D:3      | Reached skill level 1 in Fire Magic
   935 | D:3      | Reached skill level 1 in Air Magic
   935 | D:3      | Reached skill level 1 in Earth Magic
   935 | D:3      | Reached skill level 1 in Poison Magic
  1021 | D:4      | Noticed Melicamp's ghost (amateur BaMo)
  1030 | D:4      | Killed Melicamp's ghost
  1030 | D:4      | Reached XP level 5. HP: 32/38 MP: 12/12
  1030 | D:4      | Reached XP level 6. HP: 37/44 MP: 13/13
  1041 | D:4      | Learned a level 4 spell: Ice Form
  1046 | D:4      | Learned a level 4 spell: Summon Ice Beast
  1067 | D:5      | Entered Level 5 of the Dungeon
  1197 | D:4      | Reached skill level 2 in Invocations
  1235 | D:5      | Noticed Duvessa
  1235 | D:5      | Noticed Dowan
  1236 | D:5      | Noticed Blork the orc
  1320 | D:4      | Learned a level 1 spell: Beastly Appendage
  1330 | D:4      | Reached skill level 2 in Fighting
  1330 | D:4      | Reached skill level 2 in Short Blades
  1330 | D:4      | Reached skill level 2 in Long Blades
  1330 | D:4      | Reached skill level 2 in Axes
  1330 | D:4      | Reached skill level 2 in Maces & Flails
  1330 | D:4      | Reached skill level 2 in Polearms
  1330 | D:4      | Reached skill level 2 in Staves
  1330 | D:4      | Reached skill level 2 in Slings
  1330 | D:4      | Reached skill level 2 in Bows
  1330 | D:4      | Reached skill level 2 in Crossbows
  1330 | D:4      | Reached skill level 2 in Throwing
  1330 | D:4      | Reached skill level 2 in Armour
  1330 | D:4      | Reached skill level 5 in Dodging
  1330 | D:4      | Reached skill level 2 in Shields
  1330 | D:4      | Reached skill level 2 in Unarmed Combat
  1330 | D:4      | Reached skill level 2 in Evocations
  1423 | D:5      | Killed Dowan
  1423 | D:5      | Reached XP level 7. HP: 50/50 MP: 9/15
  1431 | D:5      | Killed Duvessa
  1434 | D:5      | Reached skill level 2 in Hexes
  1434 | D:5      | Reached skill level 2 in Charms
  1434 | D:5      | Reached skill level 2 in Summonings
  1434 | D:5      | Reached skill level 2 in Necromancy
  1434 | D:5      | Reached skill level 2 in Translocations
  1434 | D:5      | Reached skill level 2 in Transmutations
  1434 | D:5      | Reached skill level 2 in Fire Magic
  1434 | D:5      | Reached skill level 2 in Air Magic
  1434 | D:5      | Reached skill level 2 in Earth Magic
  1434 | D:5      | Reached skill level 2 in Poison Magic
  1437 | D:5      | Reached skill level 3 in Conjurations
  1488 | D:5      | Found Bieziwne's Antique Armour Shoppe.
  1538 | D:5      | Killed Blork the orc
  1538 | D:5      | Reached skill level 5 in Stealth
  1644 | D:6      | Noticed Pikel
  1659 | D:6      | Killed Pikel
  1659 | D:6      | Reached skill level 3 in Fighting
  1659 | D:6      | Reached skill level 3 in Short Blades
  1659 | D:6      | Reached skill level 3 in Long Blades
  1659 | D:6      | Reached skill level 3 in Axes
  1659 | D:6      | Reached skill level 3 in Maces & Flails
  1659 | D:6      | Reached skill level 3 in Polearms
  1659 | D:6      | Reached skill level 3 in Staves
  1659 | D:6      | Reached skill level 3 in Slings
  1659 | D:6      | Reached skill level 3 in Bows
  1659 | D:6      | Reached skill level 3 in Crossbows
  1659 | D:6      | Reached skill level 3 in Throwing
  1659 | D:6      | Reached skill level 3 in Armour
  1659 | D:6      | Reached skill level 3 in Shields
  1659 | D:6      | Reached skill level 3 in Unarmed Combat
  1659 | D:6      | Reached skill level 6 in Spellcasting
  1659 | D:6      | Reached skill level 6 in Ice Magic
  1659 | D:6      | Reached skill level 3 in Invocations
  1659 | D:6      | Reached skill level 3 in Evocations
  1659 | D:6      | Reached XP level 8. HP: 31/58 MP: 9/17
  1714 | D:5      | Learned a level 1 spell: Apportation
  1831 | D:6      | Noticed Menkaure
  1835 | D:6      | Killed Menkaure
  1859 | D:6      | Found a shimmering altar of Xom.
  1972 | D:6      | Reached skill level 3 in Hexes
  1972 | D:6      | Reached skill level 3 in Charms
  1972 | D:6      | Reached skill level 3 in Summonings
  1972 | D:6      | Reached skill level 3 in Necromancy
  1972 | D:6      | Reached skill level 3 in Translocations
  1972 | D:6      | Reached skill level 3 in Transmutations
  1972 | D:6      | Reached skill level 3 in Fire Magic
  1972 | D:6      | Reached skill level 3 in Air Magic
  1972 | D:6      | Reached skill level 3 in Earth Magic
  1972 | D:6      | Reached skill level 3 in Poison Magic
  1972 | D:6      | Reached skill level 4 in Invocations
  1982 | D:6      | Noticed Sigmund
  1997 | D:6      | Reached skill level 6 in Dodging
  1997 | D:6      | Reached XP level 9. HP: 30/65 MP: 14/18
  2015 | D:6      | Killed Sigmund
  2192 | D:5      | Bought a steaming cloak for 247 gold pieces
  2197 | D:5      | Identified the -3 cloak of the Sacrificial Victim {rCorr Int+2} (You bought it in a shop on level 5 of the Dungeon)
  2295 | D:4      | Found an iron altar of Okawaru.
  2465 | D:7      | Got a smoking turquoise ring
  2467 | D:7      | Identified the ring of Aduec {rN+ Int+3} (You found it on level 7 of the Dungeon)
  2477 | D:7      | Found a burning altar of Makhleb.
  2495 | D:7      | Reached skill level 4 in Fighting
  2495 | D:7      | Reached skill level 4 in Short Blades
  2495 | D:7      | Reached skill level 4 in Long Blades
  2495 | D:7      | Reached skill level 4 in Axes
  2495 | D:7      | Reached skill level 4 in Maces & Flails
  2495 | D:7      | Reached skill level 4 in Polearms
  2495 | D:7      | Reached skill level 4 in Staves
  2495 | D:7      | Reached skill level 4 in Slings
  2495 | D:7      | Reached skill level 4 in Bows
  2495 | D:7      | Reached skill level 4 in Crossbows
  2495 | D:7      | Reached skill level 4 in Throwing
  2495 | D:7      | Reached skill level 4 in Armour
  2495 | D:7      | Reached skill level 4 in Shields
  2495 | D:7      | Reached skill level 4 in Unarmed Combat
  2495 | D:7      | Reached skill level 4 in Conjurations
  2495 | D:7      | Reached skill level 4 in Evocations
  2537 | D:7      | Reached skill level 6 in Stealth
  2603 | D:7      | Found a basalt altar of Yredelemnul.
  2770 | D:7      | Noticed a gargoyle
  2786 | D:7      | Killed a gargoyle
  2794 | D:7      | Noticed a gargoyle
  2802 | D:7      | Killed from afar by a gargoyle

Skill      XL: |  1  2  3  4  5  6  7  8  9 |
---------------+----------------------------+-----
Conjurations   | 2 3 4 |  4.3
Spellcasting   | 5 6 |  6.8
Invocations    | 1 2 3 4 |  4.9
Fighting       | 1 2 3 4 |  4.4
Short Blades   | 1 2 3 4 |  4.4
Long Blades    | 1 2 3 4 |  4.4
Axes           | 1 2 3 4 |  4.4
Maces & Flails | 1 2 3 4 |  4.4
Polearms       | 1 2 3 4 |  4.4
Staves         | 1 2 3 4 |  4.4
Slings         | 1 2 3 4 |  4.4
Bows           | 1 2 3 4 |  4.4
Crossbows      | 1 2 3 4 |  4.4
Throwing       | 1 2 3 4 |  4.4
Armour         | 1 2 3 4 |  4.4
Shields        | 1 2 3 4 |  4.4
Unarmed Combat | 1 2 3 4 |  4.4
Evocations     | 1 2 3 4 |  4.4
Hexes          | 1 2 3 |  3.7
Charms         | 1 2 3 |  3.7
Summonings     | 1 2 3 |  3.7
Necromancy     | 1 2 3 |  3.7
Translocations | 1 2 3 |  3.7
Transmutations | 1 2 3 |  3.7
Fire Magic     | 1 2 3 |  3.7
Air Magic      | 1 2 3 |  3.7
Earth Magic    | 1 2 3 |  3.7
Poison Magic   | 1 2 3 |  3.7
Dodging        | 5 6 |  6.5
Stealth        | 5 6 |  6.2
Ice Magic      | 6 |  6.6

Action                   |  1- 3 |  4- 6 |  7- 9 || total
-------------------------+-------+-------+-------++-------
Melee: Dagger            |    54 |    19 |    31 ||   104
       Bite              |     5 |     2 |     1 ||     8
       Short sword       |     1 |       |       ||     1
       Unarmed           |       |    34 |   148 ||   182
       Kick              |       |       |     1 ||     1
Throw: Stone             |     2 |       |       ||     2
 Cast: Freeze            |    29 |     8 |       ||    37
       Throw Frost       |     5 |     1 |       ||     6
       Ozocubu's Armour  |     1 |     3 |     7 ||    11
       Ice Form          |       |     5 |    14 ||    19
       Apportation       |       |       |    11 ||    11
       Summon Ice Beast  |       |       |     2 ||     2
       Beastly Appendage |       |       |     1 ||     1
 Abil: End Transformatio |       |       |     5 ||     5
Evoke: Wand              |     3 |     4 |    15 ||    22
  Use: Scroll            |     5 |       |    10 ||    15
       Potion            |     1 |       |     1 ||     2
 Stab: Sleeping          |     7 |       |     6 ||    13
       Paralysed         |     1 |     3 |    13 ||    17
  Eat: Chunk             |       |     3 |     6 ||     9
       Ration            |       |       |     1 ||     1
Armor: Robe              |    21 |       |       ||    21
       Animal skin       |       |     5 |     5 ||    10
       Skin              |       |     9 |    26 ||    35
Dodge: Dodged            |    59 |    27 |   102 ||   188

Table legend:
 A = Turns spent in this place as a percentage of turns spent in the entire game.
 B = Non-inter-level travel turns spent in this place as a percentage of non-inter-level travel turns spent in the entire game.
 C = Inter-level travel turns spent in this place as a percentage of turns spent in this place.
 D = Turns resting spent in this place as a percentage of non-inter-level travel turns spent in this place.
 E = Turns spent auto-exploring this place as a percentage of non-inter-level travel turns spent in this place.
 F = Non-inter-level travel turns spent in this place divided by the number of levels of this place that you've seen.
                   A       B       C       D       E      F
               +-------+-------+-------+-------+-------+----------------------
         Total | 100.0 | 100.0 |   3.6 |   0.0 |   0.0 | 385.7
       Dungeon | 100.0 | 100.0 |   3.6 |   0.0 |   0.0 | 385.7
               +-------+-------+-------+-------+-------+----------------------

Table legend:
 A = Kills in this place as a percentage of kills in entire the game.
 B = Kills by you in this place as a percentage of kills by you in the entire game.
 C = Kills by friends in this place as a percentage of kills by friends in the entire game.
 D = Other kills in this place as a percentage of other kills in the entire game.
 E = Experience gained in this place as a percentage of experience gained in the entire game.
 F = Experience gained in this place divided by the number of levels of this place that you have seen.
                   A       B       C       D       E      F
               +-------+-------+-------+-------+-------+----------------------
         Total | 100.0 | 100.0 | 100.0 |   N/A | 100.0 | 583.0
       Dungeon | 100.0 | 100.0 | 100.0 |   N/A | 100.0 | 583.0
               +-------+-------+-------+-------+-------+----------------------

Vault maps used:
D:1:      grunt_arrival_crossed_arrows
D:3:      kennysheep_six_static_rooms, fiery_altar_vehumet, lemuel_doored_altar,
          uniq_robin
D:4:      okawaru_trees_1, kennysheep_mini, corexii_corridor_pit, sigmund_army
D:5:      first_ration, serial_shops, shop, uniq_blork_the_orc, uniq_duvessa
D:6:      old_standard_altar, brannock_xom_greatest_gift, grunt_dithmenos_smoke,
          uniq_sigmund, uniq_menkaure, uniq_pikel
D:7:      cheibrodos_statue_roulette, nicolae_overflow_hidden_temple,
          nicolae_overflow_crystal_walls, makhleb_heckhound_becter,
          minmay_temple_entry_nine_rooms, serial_bayou, serial_bayou_lagoon_a,
          serial_bayou_pond_e, serial_bayou_pond_e, serial_bayou_pond_d,
          st_stairs_9, kennysheep_generic_room_12
